 Dungeon Crawl Stone Soup version 0.27-a0-668-gb5737ff2c0 (webtiles) character file.

Game seed: 5284286137382694906

106 wakim the Stinger (level 4, -8/24 HPs)
             Began as a Gargoyle Venom Mage on Mar 17, 2021.
             Was an Initiate of Makhleb.
             Blown up by Ijyb (18 damage)
             ... with a mindburst bolt
             ... on level 3 of the Dungeon.
             The game lasted 00:13:22 (3968 turns).

wakim the Stinger (Gargoyle Venom Mage)             Turns: 3968, Time: 00:13:23

Health: -8/24      AC:  7    Str: 12    XL:     4   Next: 84%
Magic:  3/7        EV: 11    Int: 16    God:    Makhleb [......]
Gold:   68         SH:  0    Dex: 10    Spells: 4/7 levels left

rFire    . . .     SeeInvis .   c - +0 quarterstaff
rCold    . . .     Faith    .   (shield currently unavailable)
rNeg     + . .     Spirit   .   a - +0 robe
rPois    ∞         Reflect  .   (no helmet)
rElec    +         Harm     .   (no cloak)
rCorr    .         Rampage  .   (no gloves)
Will     .....                  l - +1 pair of boots
Stlth    ++........             (no amulet)
HPRegen  0.08/turn              (no ring)
MPRegen  0.10/turn              (no ring)

@: very slightly contaminated
A: AC +3, negative energy resistance 1, electricity resistance, torment
resistance 1, unbreathing 1, petrification resistance
a: Renounce Religion


You were on level 3 of the Dungeon.
You worshipped Makhleb.
Makhleb was noncommittal.
You visited 1 branch of the dungeon, and saw 3 of its levels.

You collected 68 gold pieces.

Inventory:

Hand Weapons
 c - a +0 quarterstaff (weapon)
 f - a +0 rapier
 m - a +0 hunting sling
Missiles
 d - 11 poisoned darts
 p - 7 javelins
 s - 104 stones
Armour
 a - a +0 robe (worn)
 l - a +1 pair of boots (worn)
Magical Staves
 o - a staff of death
Wands
 j - a wand of polymorph (7)
Scrolls
 e - 8 scrolls of identify {unknown}
 h - a scroll of enchant weapon {unknown}
 k - 2 scrolls of vulnerability {unknown}
 q - a scroll of teleportation {unknown}
 r - a scroll of enchant armour {unknown}
Potions
 b - a potion of heal wounds {unknown}
 g - a potion of brilliance {unknown}
 i - a potion of lignification {unknown}
 n - 2 potions of ambrosia {unknown}
 t - a potion of haste {unknown}
 u - a potion of attraction {unknown}


   Skills:
 - Level 1.5 Dodging
 + Level 3.7 Stealth
 - Level 2.0 Spellcasting
 - Level 0.7 Transmutations
 * Level 4.7 Poison Magic


You had 4 spell levels left.
You knew the following spells:

 Your Spells              Type           Power      Damage    Failure   Level
a - Sting                 Tmut/Pois      40%        1d5       7%          1
s - Poisonous Vapours     Pois/Air       18%        N/A       12%         2

Your spell library contained the following spells:

 Spells                   Type           Power      Damage    Failure   Level
 Olgreb's Toxic Radiance  Pois           16%        N/A       28%         4
 Ignite Poison            Fire/Tmut/Pois 7%         N/A       30%         3
 Mephitic Cloud           Conj/Pois/Air  6%         N/A       32%         3


Dungeon Overview and Level Annotations

Branches:
Dungeon (3/15)

Altars:
Ashenzari
Makhleb

Annotations:
D:3 Ijyb


Innate Abilities, Weirdness & Mutations

Your stone body is resilient. (AC +3)
You are immune to poison.
You resist negative energy. (rN+)
You are resistant to electric shocks. (rElec)
You are resistant to unholy torment.
You can survive without breathing.
You are immune to petrification.


Message History

Ouch! That really hurt!
* * * LOW HITPOINT WARNING * * *
Found a scroll labelled XACSEUL QEMMI.
You see here a rat corpse.
There is a stone staircase leading up here.
You climb upwards.
There is a stone staircase leading down here.
HP restored.
Done exploring.
A rat comes into view.
Poisonous vapours surround the rat!
The rat is engulfed in poison gas.
The rat is poisoned.
You kill the rat!
Magic restored.
Done exploring.
Done exploring.
Okay, then.
There is a faded altar of an unknown god here.
There is a stone staircase leading down here.
You climb downwards.
Level annotation: Ijyb
There is a stone staircase leading up here.
Ijyb zaps a wand.
You barely resist.
Poisonous vapours surround Ijyb!
Ijyb is engulfed in poison gas.
Ijyb is poisoned.
Ijyb zaps a wand.
Your mind is blasted!
Ouch! That really hurt!
* * * LOW HITPOINT WARNING * * *
There is a stone staircase leading up here.
You are too injured to fight recklessly!
Casting: Poisonous Vapours (safe; 12% risk of failure)
Confirm with . or Enter, or press ? or * to list all spells.
Aiming: Poisonous Vapours (safe; 12% risk of failure)
Press: ? - help, Dir - move target, f/p - Ijyb
Aim: Ijyb, wielding a +0 club, wearing a +3 leather armour and carrying a wand of mindburst (10) (heavily wounded, poisoned)
You miscast Poisonous Vapours.
You are very lightly contaminated with residual magic.
Nothing appears to happen.
Ijyb zaps a wand.
You barely resist.
Ijyb zaps a wand.
Your mind is blasted!
Ouch! That really hurt!
You die...

#.......
###########.......
#.................
#..........#......
#.................
#.................
#......<..........
#.................
#@......g..)......
#.................
#........[..<.....
#####...#.###†....
#.#.#.........
#.........>###
#.......##....
#....#.#..#####.
..........#


You could see Ijyb (poisoned).

Vanquished Creatures
  Jessica (D:3)
  An adder (D:2)
  An ooze (D:1)
  3 worms (D:2)
  A dart slug (D:1)
  3 giant cockroaches
  11 goblins
  7 hobgoblins
  2 quokkas
  A ball python (D:3)
  7 bats
  5 frilled lizards (D:2)
  7 kobolds (D:1)
  5 rats
55 creatures vanquished.

Notes
Turn   | Place    | Note
-------+----------+-------------------------------------------
     0 | D:1      | wakim the Gargoyle Venom Mage began the quest for the Orb.
     0 | D:1      | Reached XP level 1. HP: 10/10 MP: 3/3
   169 | D:1      | Reached XP level 2. HP: 15/15 MP: 3/5
   418 | D:1      | Learned a level 2 spell: Poisonous Vapours
   746 | D:1      | Reached XP level 3. HP: 19/19 MP: 0/6
  1016 | D:1      | Reached skill level 4 in Poison Magic
  1609 | D:2      | Found a faded altar of an unknown god.
  1942 | D:2      | Found a burning altar of Makhleb.
  1954 | D:2      | Became a worshipper of Makhleb the Destroyer
  2362 | D:2      | Found a broken altar of Ashenzari.
  2435 | D:2      | Reached XP level 4. HP: 24/24 MP: 1/7
  3371 | D:3      | Noticed Jessica
  3524 | D:3      | Killed Jessica
  3527 | D:3      | Noticed Ijyb
  3604 | D:3      | HP: 1/24 [disintegration (23)]
  3968 | D:3      | Blown up by Ijyb

Illustrated notes

Levels and vault maps discovered:
D:1:      lightli_iron_boxes, layout_basic
D:2:      layout_basic, old_standard_altar, nicolae_ashenzari_panopticon,
          chequers_ecumenical_altar_simple_redux
D:3:      layout_rooms, gammafunk_ghost_necromancy, uniq_ijyb, uniq_sigmund,
          uniq_jessica

Skill      XL: |  1  2  3 |
---------------+----------+-----
Stealth        | 3 |  3.7
Poison Magic   | 4 |  4.7
Dodging        | |  1.5
Spellcasting   | |  2.0
Transmutations | |  0.7

Action                   |  1- 3 |  4- 6 || total
-------------------------+-------+-------++-------
Melee: Quarterstaff      |    22 |     9 ||    31
 Cast: Sting             |    21 |       ||    21
       Poisonous Vapours |    37 |    21 ||    58
 Stab: Sleeping          |     1 |       ||     1
Armor: Robe              |    23 |     3 ||    26
Dodge: Dodged            |    33 |     4 ||    37

Table legend: (Time is in decaauts)
 A = Elapsed time spent in this place.
 B = Non-inter-level travel time spent in this place.
 C = Inter-level travel time spent in this place.
 D = Time resting spent in this place.
 E = Time spent auto-exploring this place.
 F = Levels seen in this place.
 G = Mean time per level.
                   A        B        C        D        E       F      G
               +--------+--------+--------+--------+--------+-----+--------+
         Total |   3978 |   3837 |    141 |      0 |   3316 |   3 | 1326.0 |
       Dungeon |   3978 |   3837 |    141 |      0 |   3316 |   3 | 1326.0 |
               +--------+--------+--------+--------+--------+-----+--------+

Top non-repeatable levels by time:
     D:2: 2441 daAuts
     D:1: 1331 daAuts
     D:3: 205 daAuts
